 Dungeon Crawl Stone Soup version 0.27-a0-705-ga0013940fb (webtiles) character file.

Game seed: 9540664509531708830

156 robertstho the Shield-Bearer (level 5, -2/33 HPs)
             Began as a Gargoyle Fighter on Mar 22, 2021.
             Killed from afar by an orc wizard (9 damage)
             ... with a magic dart
             ... on level 3 of the Dungeon.
             The game lasted 00:02:09 (2263 turns).

robertstho the Shield-Bearer (Gargoyle Fighter)     Turns: 2263, Time: 00:02:09

Health: -2/33      AC: 13    Str: 27    XL:     5   Next: 37%
Magic:  5/5        EV:  8    Int:  8    God:
Gold:   119        SH: 10    Dex:  9    Spells: 4/4 levels left

rFire    . . .     SeeInvis .   a - +0 flail
rCold    . . .     Faith    .   c - +0 kite shield
rNeg     + . .     Spirit   .   b - +0 scale mail
rPois    ∞         Reflect  .   j - +0 helmet
rElec    +         Harm     .   (no cloak)
rCorr    .         Rampage  .   k - +0 pair of gloves
Will     .....                  (no boots)
Stlth    ..........             (no amulet)
HPRegen  0.11/turn              f - +6 ring of strength
MPRegen  0.09/turn              (no ring)

@: mighty, brilliant, hasted, very quick
A: AC +4, negative energy resistance 1, electricity resistance, torment
resistance 1, unbreathing 1, petrification resistance
a: no special abilities


You were on level 3 of the Dungeon.
You visited 1 branch of the dungeon, and saw 3 of its levels.

You collected 119 gold pieces.

Inventory:

Hand Weapons
 a - a +0 flail (weapon)
Armour
 b - a +0 scale mail (worn)
 c - a +0 kite shield (worn)
 j - a +0 helmet (worn)
 k - a +0 pair of gloves (worn)
Jewellery
 f - a +6 ring of strength (right hand)
Scrolls
 e - 4 scrolls of blinking {unknown}
 h - 4 scrolls of teleportation {unknown}
 i - 3 scrolls of identify {unknown}
 l - a scroll of fog {unknown}
Potions
 g - 3 potions of brilliance


   Skills:
 + Level 3.7 Fighting
 + Level 3.5 Maces & Flails
 + Level 4.0 Armour
 + Level 0.9 Dodging
 + Level 4.3 Shields


You had 4 spell levels left.
You didn't know any spells.
Your spell library contained the following spells:

 Spells                   Type           Power      Damage    Failure   Level
 Beastly Appendage        Tmut           0%         N/A       98%         1
 Wereblood                Tmut           0%         N/A       99%         2
 Confusing Touch          Hex            0%         N/A       100%        3
 Gell's Gravitas          Tloc           0%         N/A       100%        3
 Spider Form              Tmut/Pois      0%         N/A       100%        3
 Ice Form                 Ice/Tmut       0%         N/A       100%        4
 Petrify                  Tmut/Erth      0%         N/A       100%        4
 Blade Hands              Tmut           0%         N/A       100%        5
 Metabolic Englaciation   Hex/Ice        0%         N/A       100%        5
 Yara's Violent Unravell  Hex/Tmut       0%         3d3       100%        5


Dungeon Overview and Level Annotations

Branches:
Dungeon (3/15)

Altars:
Yredelemnul


Innate Abilities, Weirdness & Mutations

Your stone body is resilient. (AC +4)
You are immune to poison.
You resist negative energy. (rN+)
You are resistant to electric shocks. (rElec)
You are resistant to unholy torment.
You can survive without breathing.
You are immune to petrification.


Message History

You hit the orc.
The orc is almost dead.
The orc hits you but does no damage. You block the orc's attack.
You hit the orc.
You kill the orc!
The goblin unwields a +2 hunting sling of freezing.
The goblin wields a +0 dagger.
The goblin closely misses you.
You sock the goblin!
You kill the goblin!
You miss something. Something hits you.
You barely miss something.
You hear some strange, mumbled words.
A puff of flame appears from out of thin air!
The puff of flame hits you.
* * * LOW HITPOINT WARNING * * *
Something hits you but does no damage.
You miss something. Something completely misses you.
It was a potion of brilliance.
You feel clever all of a sudden. Something hits you but does no damage.
It was a potion of haste.
You feel yourself speed up.
An orc wizard appears from thin air!
Reactivating autopickup.
You block the orc wizard's attack.
You feel very mighty all of a sudden. You block the orc wizard's attack.
You closely miss the orc wizard.
The orc wizard hits you but does no damage.
You feel stronger.
f - a +6 ring of strength (right hand)
You barely miss the orc wizard. You block the orc wizard's attack.
The orc priest miscasts a cantrip.
You sock the orc wizard!
The orc wizard is severely wounded.
The orc wizard closely misses you.
You closely miss the orc wizard.
The orc wizard is severely wounded.
The orc wizard casts a spell at you. The magic dart hits you!
You die...

#######.###### .
.............##
..
#######...##..###
# ####.#........
# #....#####..##
# #.##.# .# ..
#.##.# .. #.##..
## #@####. # #o#
.. #..og......
#...#g......
............
....... ...#.
#.......#.#...
#.....#.. #..#
#.>... #. .#


You could see an orc wizard, an orc and 2 goblins.

Vanquished Creatures
  Jessica (D:3)
  Natasha (D:3)
  2 adders
  2 worms (D:2)
  3 dart slugs (D:1)
  An orc (D:3)
  4 ball pythons
  12 giant cockroaches (D:2)
  3 goblins
  10 hobgoblins
  3 jackals (D:2)
  8 kobolds
  6 oozes
  3 quokkas
  4 bats
  3 rats
66 creatures vanquished.

Notes
Turn   | Place    | Note
-------+----------+-------------------------------------------
     0 | D:1      | robertstho the Gargoyle Fighter began the quest for the
                  | Orb.
     0 | D:1      | Reached XP level 1. HP: 14/14 MP: 1/1
   137 | D:1      | Reached XP level 2. HP: 19/19 MP: 2/2
   496 | D:1      | Reached XP level 3. HP: 23/23 MP: 3/3
  1498 | D:2      | Reached XP level 4. HP: 25/28 MP: 4/4
  2205 | D:3      | Noticed Natasha
  2205 | D:3      | Noticed Jessica
  2212 | D:3      | Killed Natasha
  2213 | D:3      | Reached XP level 5. HP: 33/33 MP: 5/5
  2214 | D:3      | Killed Jessica
  2263 | D:3      | Killed from afar by an orc wizard

Illustrated notes

Levels and vault maps discovered:
D:1:      ncdulo_wetmaze, layout_basic
D:2:      minmay_roachtagon, layout_basic, old_standard_altar
D:3:      layout_rooms, nzn_wu_jian_council_hall, bloody_makhleb, uniq_grinder,
          uniq_natasha, uniq_jessica

Skill      XL: |  1  2  3  4 |
---------------+-------------+-----
Shields        | 4 |  4.3
Maces & Flails | 3 |  3.5
Armour         | 4 |  4.0
Fighting       | |  3.7
Dodging        | |  0.9

Action                   |  1- 3 |  4- 6 || total
-------------------------+-------+-------++-------
Melee: Flail             |   157 |    92 ||   249
  Use: Potion            |       |     3 ||     3
Armor: Scale mail        |    92 |    43 ||   135
Dodge: Dodged            |    62 |    28 ||    90
Block: Kite shield       |    97 |    53 ||   150

Table legend: (Time is in decaauts)
 A = Elapsed time spent in this place.
 B = Non-inter-level travel time spent in this place.
 C = Inter-level travel time spent in this place.
 D = Time resting spent in this place.
 E = Time spent auto-exploring this place.
 F = Levels seen in this place.
 G = Mean time per level.
                   A        B        C        D        E       F      G
               +--------+--------+--------+--------+--------+-----+--------+
         Total |   2390 |   2288 |    102 |      0 |   1749 |   3 |  796.7 |
       Dungeon |   2390 |   2288 |    102 |      0 |   1749 |   3 |  796.7 |
               +--------+--------+--------+--------+--------+-----+--------+

Top non-repeatable levels by time:
     D:1: 1301 daAuts
     D:2: 859 daAuts
     D:3: 230 daAuts
